 Dungeon Crawl Stone Soup version 0.20-a0-947-g2784f4f (webtiles) character file.

64694 Patate the Imperceptible (level 14, -11/59 HPs)
             Began as a Spriggan Enchanter on Apr 2, 2017.
             Was the Champion of Okawaru.
             Killed from afar by a fire dragon (36 damage)
             ... with a blast of flame
             ... on level 6 of the Lair of Beasts on Apr 3, 2017.
             The game lasted 02:19:50 (31083 turns).

Patate the Imperceptible (Spriggan Enchanter)      Turns: 31083, Time: 02:19:51

Health: -11/59     AC:  5    Str:  8    XL:     14   Next: 72%
Magic:  14/29      EV: 33    Int: 23    God:    Okawaru [******]
Gold:   1012       SH:  0    Dex: 19    Spells: 24/33 levels left

rFire    . . .     SeeInvis +   U - +4 arc blade {discharge, rElec}
rCold    + . .     Gourm    .   (shield restricted)
rNeg     . . .     Faith    .   C - +1 robe {rC+}
rPois    .         Spirit   .   O - +2 hat {Int+3}
rElec    +         Reflect  .   (no cloak)
rCorr    .         Harm     .   (gloves unavailable)
MR       +++..                  (boots unavailable)
Stlth    +++++.....             (no amulet)
Regen    0.2/turn               r - ring "Okug" {MR+ Int+2 Dex+3 Slay+3 SInv}
MPRegen  0.3/turn               f - ring of stealth

@: about to teleport, slow
A: unfitting armour, see invisible, herbivore 3, speed 3, slow metabolism 2
a: Heroism, Finesse, Renounce Religion


You were on level 6 of the Lair of Beasts.
You worshipped Okawaru.
Okawaru was exalted by your worship.
You were not hungry.

You visited 3 branches of the dungeon, and saw 20 of its levels.

You collected 1199 gold pieces.
You spent 187 gold pieces at shops.

Inventory:

Hand Weapons
 U - the +4 arc blade (weapon) {discharge, rElec}
   (Okawaru gifted it to you on level 5 of the Lair of Beasts)

   It insulates you from electricity.
Armour
 p - a +2 cloak
 q - the +0 cloak "Xejyets" {rN++ rCorr Dex-3}
   (Okawaru gifted it to you on level 6 of the Lair of Beasts)

   It affects your dexterity (-3).
   It greatly protects you from negative energy.
   It protects you from acid and corrosion.
 C - a +1 robe of cold resistance (worn)
 O - a +2 hat of intelligence (worn)
Jewellery
 f - a ring of stealth (right hand)
 g - a +2 ring of protection
 k - an uncursed ring of protection from magic
 o - an uncursed ring of protection from cold
 r - the ring "Okug" (left hand) {MR+ Int+2 Dex+3 Slay+3 SInv}
   (You took it off an orc on level 7 of the Dungeon)

   [ring of see invisible]

   It affects your intelligence (+2).
   It affects your dexterity (+3).
   It affects your accuracy and damage with ranged weapons and melee attacks
   (+3).
   It affects your resistance to hostile enchantments.
   It lets you see invisible.
 v - an uncursed amulet of guardian spirit
 B - an uncursed ring of flight
 Y - an uncursed ring of ice {unknown}
Wands
 b - a wand of clouds (0/9)
 n - a wand of digging (24/24)
 s - a wand of polymorph (11/24)
 H - a wand of polymorph (11/24)
Scrolls
 a - 3 scrolls of enchant weapon
 e - 3 scrolls of enchant armour
 i - 10 scrolls of teleportation
 m - 12 scrolls of remove curse
 u - 3 scrolls of blinking
 y - 3 scrolls of amnesia
 G - 2 scrolls of acquirement {unknown}
 I - 3 scrolls of fear {unknown}
 K - a scroll of vulnerability {unknown}
 L - a scroll of immolation {unknown}
 N - 2 scrolls of recharging
 Q - 2 scrolls of identify
 R - a scroll of fog
Potions
 h - 6 potions of flight
 j - 2 potions of cancellation
 l - 3 potions of haste
 x - a potion of lignification
 z - 2 potions of curing
 D - 5 potions of invisibility
 E - 2 potions of might
 F - a potion of berserk rage
 J - 3 potions of ambrosia
 M - a potion of mutation
 V - 3 potions of magic
 W - a potion of agility
Books
 c - a book of Maledictions

   Spells                             Type                      Level
   a - Corona                         Hexes                        1
   b - Ensorcelled Hibernation        Hexes/Ice                    2
   c - Confuse                        Hexes                        3
   d - Tukima's Dance                 Hexes                        3
   e - Dazzling Spray                 Conjuration/Hexes            3
 w - a book of Minor Magic

   Spells                             Type                      Level
   a - Magic Dart                     Conjuration                  1
   b - Blink                          Translocation                2
   c - Call Imp                       Summoning                    2
   d - Slow                           Hexes                        2
   e - Conjure Flame                  Conjuration/Fire             3
   f - Mephitic Cloud                 Conjuration/Poison/Air       3
Comestibles
 d - 12 bread rations
 A - 20 royal jellies
 T - a fruit


   Skills:
 - Level 9.9 Short Blades
 - Level 16.0 Dodging
 * Level 25.4 Stealth
 - Level 10.0 Spellcasting
 - Level 10.2 Hexes


You had 24 spell levels left.
You knew the following spells:

 Your Spells              Type           Power        Failure   Level  Hunger
b - Ensorcelled Hibernat  Hex/Ice        #####.       1%          2    None
c - Confuse               Hex            ######..     1%          3    None
d - Blink                 Tloc           N/A          10%         2    None
e - Slow                  Hex            ######..     1%          2    None


Dungeon Overview and Level Annotations

Branches:
Dungeon (13/15)            Temple (1/1) D:5            Lair (6/6) D:8
 Shoals (0/4) Lair:4       Spider (0/4) Lair:2        Slime (0/5) Lair:6
    Orc (0/2) D:10
 Vaults: D:13-14

Altars:
Ashenzari
Cheibriados
Dithmenos
Elyvilon
Fedhas
Gozag
Hepliaklqana
Kikubaaqudgha
Makhleb
Nemelex Xobeh
Okawaru
Qazlal
Ru
Sif Muna
Trog
Uskayaw
Vehumet
Wu Jian
Xom
Yredelemnul
Zin
The Shining One
Jiyva

Shops:
D:7 *   D:8 (   D:11 *

Annotations:
D:4 Banto's ghost, amateur DsGl
D:6 swarr's ghost, novice DrMo
Lair:2 exclusion: oklob plant
Lair:4 exclusion: 4 oklob plants


Innate Abilities, Weirdness & Mutations

You are very small and have problems with some larger weapons.
You are too small for most types of armour.
You have supernaturally acute eyesight. (SInv)
You are a herbivore.
You cover ground extremely quickly.
You need consume almost no food.


Message History

You hear an angry hiss.
Casting: Confuse
Confirm with . or Enter, or press ? or * to list all spells.
You blink.
Splash!
You fall into the shallow water.
Moving in this stuff is going to be slow.
You feel better.
As you read the scroll of teleportation, it crumbles to dust.
You feel strangely unstable.
Okay, then.
Casting: Blink
Confirm with . or Enter, or press ? or * to list all spells.
You blink.
Splash!
You feel better. The fire dragon breathes flames at you.
The blast of flame hits you!
Ouch! That really hurt!
You die...

........#
♣♣≈≈♣..♣.†≈..♣
........#
♣..≈≈♣♣♣..≈≈♣♣
........#
♣♣.♣≈♣♣..≈≈♣♣
........#
♣P.♣≈≈♣♣≈≈.♣
........#
♣♣.♣♣≈≈≈..♣♣
........#
♣P.P.≈P.♣♣
........#
♣...P.≈♣♣♣[[.≈≈≈..♣
........# ♣♣.♣..≈♣
.?.≈≈≈.. ........#
♣♣..@≈♣♣ !$..≈≈.♣♣♣
........# ♣...≈≈♣♣
.$.≈≈≈≈.♣ ##....#.#
♣♣...≈.♣♣♣.≈.≈...
####.###
♣♣..P≈≈♣♣≈≈≈≈.♣ ###
♣♣♣D†≈≈♣♣≈≈$.♣
♣♣.≈≈≈≈≈.♣
♣..≈≈≈..♣ ♣♣♣.≈♣.♣♣
♣♣♣♣♣♣


You could see a fire dragon.

Vanquished Creatures
  3 catoblepae
  11 hydras
  12 death yaks
  7 two-headed ogres
  3 unseen horrors
  A swamp dragon (Lair:6)
  An ugly thing (D:11)
  4 cyclopes
  2 manticores
  5 elephants (Lair:5)
  5 black mambas
  2 torpor snails
  12 spiny frogs
  3 komodo dragons
  A kobold demonologist (D:13)
  5 rime drakes
  2 trolls
  17 blink frogs
  The ghost of Narsil the Purveyor of Pain, an amateur DrNe of Kikubaaqudgha (D:5)
  12 polar bears
  2 raiju (Lair:6)
  10 hippogriffs
  A vampire (D:13)
  2 wyverns
  A shadow (D:12)
  Sigmund (D:2)
  22 yaks
  4 basilisks
  4 hogs (D:7)
  A hungry ghost (D:10)
  A human (D:7)
  A steam dragon (Lair:6)
  The ghost of lolicon the Covert, an amateur OpAs (D:3)
  4 wargs (Lair:6)
  12 water moccasins
  2 acid dragons (Lair:6)
  8 porcupines
  15 hell hounds (Lair:6)
  3 swamp drakes (Lair:6)
  8 orc warriors
  6 ice beasts
  15 black bears
  5 sky beasts
  9 ogres
  2 phantoms
  A hornet zombie (D:11)
  3 centaurs
  21 wolves (Lair:6)
  10 crocodiles
  5 big kobolds
  8 bullfrogs
  A gnoll sergeant (D:10)
  2 scorpions
  6 killer bees
  4 wights (D:8)
  8 howler monkeys
  2 electric eels
  9 crimson imps
  A bullfrog zombie (D:7)
  3 centaur zombies
  4 centaur skeletons
  A gnoll shaman (D:7)
  2 jellies
  6 orc priests
  7 hounds
  Terence (D:2)
  4 iguanas
  5 orc wizards
  A worker ant (D:4)
  Robin (D:2)
  16 gnolls
  7 adders
  3 shadow imps
  An ooze (D:7)
  An adder skeleton (D:8)
  3 worms
  9 leopard geckos
  38 orcs
  A ball python (D:3)
  6 bats
  3 giant cockroaches
  26 goblins
  14 hobgoblins
  16 jackals
  5 quokkas
  4 frilled lizards
  16 kobolds
  A leopard gecko skeleton (D:7)
  A quokka zombie (D:10)
  7 rats
  A bush (Lair:5)
  A fungus (Lair:5)
  3 plants
548 creatures vanquished.

Vanquished Creatures (others)
  A wizard (D:5)
  23 fungi
  58 plants
82 creatures vanquished.

Grand Total: 630 creatures vanquished

Notes
Turn   | Place    | Note
-------+----------+-------------------------------------------
     0 | D:1      | Patate the Spriggan Enchanter began the quest for the Orb.
     0 | D:1      | Reached XP level 1. HP: 9/9 MP: 5/5
   304 | D:1      | Reached skill level 5 in Stealth
   392 | D:1      | Reached XP level 2. HP: 13/13 MP: 6/6
   617 | D:1      | Learned a level 2 spell: Ensorcelled Hibernation
   745 | D:1      | Reached skill level 6 in Stealth
  1706 | D:2      | Reached XP level 3. HP: 16/16 MP: 8/8
  2479 | D:2      | Reached skill level 7 in Stealth
  2898 | D:2      | Reached XP level 4. HP: 21/21 MP: 4/9
  3196 | D:2      | Noticed Robin
  3242 | D:2      | Killed Robin
  3647 | D:2      | Reached skill level 5 in Dodging
  3758 | D:2      | Found a radiant altar of Vehumet.
  3759 | D:2      | Noticed Sigmund
  3771 | D:2      | Killed Sigmund
  3771 | D:2      | Reached XP level 5. HP: 24/24 MP: 10/10
  3978 | D:2      | Reached XP level 6. HP: 28/28 MP: 4/11
  4241 | D:2      | Noticed Terence
  4248 | D:2      | Killed Terence
  4962 | D:3      | Noticed lolicon's ghost (amateur OpAs)
  5074 | D:2      | Learned a level 3 spell: Confuse
  5479 | D:3      | Killed lolicon's ghost
  5479 | D:3      | Reached XP level 7. HP: 32/32 MP: 1/12
  6145 | D:4      | Reached skill level 5 in Short Blades
  6146 | D:4      | Noticed Banto's ghost (amateur DsGl)
  6333 | D:4      | Found an opulent altar of Gozag.
  6479 | D:4      | Found a glowing silver altar of Zin.
  7321 | D:5      | Entered Level 5 of the Dungeon
  7331 | D:5      | Found a staircase to the Ecumenical Temple.
  7350 | D:5      | Learned a level 2 spell: Blink
  7360 | Temple   | Entered the Ecumenical Temple
  7550 | Temple   | Became a worshipper of Warmaster Okawaru
  7681 | D:5      | Noticed Narsil's ghost (amateur DrNe)
  8360 | D:5      | Killed Narsil's ghost
  8360 | D:5      | Reached XP level 8. HP: 33/36 MP: 10/13
  8400 | D:5      | Found a bloodstained altar of Trog.
  8426 | D:5      | Reached * piety under Okawaru
  8441 | D:5      | Noticed a wizard
  8444 | D:5      | Killed a wizard
  8785 | D:6      | Found a hazy altar of Hepliaklqana.
  8965 | D:6      | Noticed swarr's ghost (novice DrMo)
  9221 | D:7      | Found a basalt altar of Yredelemnul.
  9508 | D:7      | Reached skill level 8 in Stealth
  9517 | D:7      | Got a faintly glowing jade ring
  9608 | D:7      | Found a sparkling altar of Nemelex Xobeh.
  9666 | D:7      | Reached skill level 9 in Stealth
  9684 | D:7      | Reached ** piety under Okawaru
  9741 | D:7      | Reached skill level 10 in Stealth
  9983 | D:7      | Found a snail-covered altar of Cheibriados.
 10008 | D:7      | Reached XP level 9. HP: 39/39 MP: 11/14
 10062 | D:7      | Found Tiunu Ebunn's Assorted Antiques.
 10199 | D:7      | Reached skill level 11 in Stealth
 10355 | D:7      | Reached skill level 12 in Stealth
 10374 | D:7      | Reached *** piety under Okawaru
 11114 | D:7      | Reached skill level 13 in Stealth
 11807 | D:8      | Found Vashiawk's Weapon Boutique.
 12060 | D:8      | Reached skill level 10 in Dodging
 12100 | D:8      | Noticed a two-headed ogre
 12110 | D:8      | Killed a two-headed ogre
 12110 | D:8      | Reached **** piety under Okawaru
 12110 | D:8      | Reached skill level 14 in Stealth
 12110 | D:8      | Reached XP level 10. HP: 44/44 MP: 12/15
 12318 | D:8      | Found a staircase to the Lair.
 12539 | D:9      | Identified the ring "Okug" {MR+ Int+2 Dex+3 Slay+3 SInv} (You took it off an orc on level 7 of the Dungeon)
 12565 | D:9      | Found an ancient bone altar of Kikubaaqudgha.
 12793 | D:9      | Found a burning altar of Makhleb.
 12797 | D:9      | Reached skill level 5 in Hexes
 12859 | D:9      | Reached skill level 5 in Spellcasting
 12963 | D:9      | Learned a level 2 spell: Slow
 13452 | D:10     | Entered Level 10 of the Dungeon
 13543 | D:10     | Reached ***** piety under Okawaru
 13639 | D:10     | Noticed a two-headed ogre
 13649 | D:10     | Killed a two-headed ogre
 13905 | D:10     | Found a staircase to the Orcish Mines.
 14089 | D:10     | Reached XP level 11. HP: 39/47 MP: 20/24
 14114 | D:10     | Received a gift from Okawaru
 14253 | D:11     | Noticed a white ugly thing
 14260 | D:11     | Killed a white ugly thing
 14836 | D:11     | Reached skill level 10 in Spellcasting
 14854 | D:11     | Found Leps's Island Escapes.
 14887 | D:11     | Noticed a two-headed ogre
 14916 | D:11     | Killed a two-headed ogre
 15031 | D:11     | Noticed an unseen horror
 15038 | D:11     | Killed an unseen horror
 15040 | D:11     | Reached skill level 10 in Hexes
 15151 | D:11     | Noticed an unseen horror
 15153 | D:11     | Killed an unseen horror
 15153 | D:11     | Reached skill level 15 in Stealth
 15328 | D:11     | Noticed a two-headed ogre
 15337 | D:11     | Killed a two-headed ogre
 15711 | D:12     | Noticed an unseen horror
 15733 | D:12     | Reached skill level 16 in Stealth
 15740 | D:12     | Killed an unseen horror
 15740 | D:12     | Received a gift from Okawaru
 16235 | D:12     | Reached XP level 12. HP: 51/51 MP: 23/27
 16317 | D:12     | Noticed a two-headed ogre
 16332 | D:12     | Killed a two-headed ogre
 16584 | D:12     | Reached skill level 17 in Stealth
 16993 | D:11     | Bought a scroll of teleportation for 33 gold pieces
 16993 | D:11     | Bought a scroll of teleportation for 33 gold pieces
 16993 | D:11     | Bought a potion of invisibility for 88 gold pieces
 16993 | D:11     | Bought a scroll of teleportation for 33 gold pieces
 17185 | D:13     | Noticed an eight-headed hydra
 17248 | D:13     | Killed an eight-headed hydra
 17670 | D:13     | Noticed a two-headed ogre
 17843 | D:13     | Killed a two-headed ogre
 17843 | D:13     | Reached skill level 18 in Stealth
 17950 | D:9      | Noticed a two-headed ogre
 17955 | D:9      | Killed a two-headed ogre
 18005 | Lair:1   | Entered Level 1 of the Lair of Beasts
 18514 | Lair:1   | Noticed a seven-headed hydra
 18534 | Lair:1   | Reached ****** piety under Okawaru
 18558 | Lair:1   | Killed a seven-headed hydra
 18558 | Lair:1   | Received a gift from Okawaru
 19251 | Lair:2   | Reached skill level 19 in Stealth
 19340 | Lair:2   | Found a blossoming altar of Fedhas.
 19934 | Lair:2   | Found a dark tunnel.
 19974 | Lair:2   | Found a hole to the Spider Nest.
 20770 | Lair:3   | Noticed a six-headed hydra
 20782 | Lair:2   | Received a gift from Okawaru
 20824 | Lair:3   | Noticed a seven-headed hydra
 20846 | Lair:2   | Killed a seven-headed hydra
 21430 | Lair:3   | Killed a six-headed hydra
 21430 | Lair:3   | Reached skill level 20 in Stealth
 21527 | Lair:3   | Reached XP level 13. HP: 55/55 MP: 28/28
 22116 | Lair:4   | Found a staircase to the Shoals.
 22803 | Lair:5   | Reached skill level 21 in Stealth
 23533 | Lair:5   | Reached skill level 15 in Dodging
 23740 | Lair:5   | Received a gift from Okawaru
 24081 | Lair:6   | Entered Level 6 of the Lair of Beasts
 24081 | Lair:6   | Found a viscous altar of Jiyva.
 24081 | Lair:6   | Found a staircase to the Slime Pits.
 24241 | Lair:6   | Reached skill level 22 in Stealth
 24832 | Lair:6   | Received a gift from Okawaru
 25208 | Lair:6   | Reached XP level 14. HP: 40/59 MP: 20/29
 25659 | Lair:6   | Reached skill level 23 in Stealth
 26173 | Lair:6   | Upgraded the game from 0.20-a0-945-g3bf614a to 0.20-a0-947-g2784f4f
 26552 | Lair:6   | Received a gift from Okawaru
 26584 | Lair:6   | Got a transparent cloak {god gift}
 26595 | Lair:6   | Identified the +0 cloak "Xejyets" {rN++ rCorr Dex-3} (Okawaru gifted it to you on level 6 of the Lair of Beasts)
 26957 | Lair:6   | HP: 2/59 [blink frog (10)]
 27957 | Lair:4   | Reached skill level 24 in Stealth
 30079 | Lair:5   | Reached skill level 25 in Stealth
 30246 | Lair:5   | Received a gift from Okawaru
 31083 | Lair:6   | Killed from afar by a fire dragon

Vault maps used:
D:1:      nagdon_arrival_zigzag_paths
D:2:      kennysheep_goblin_castle, vehumet_crystals, wad_orctagon,
          uniq_sigmund, uniq_terence
D:4:      kennysheep_little_box, nicolae_gozag_cash_rules_everything_around_me,
          first_bread, minmay_box_of_dots
D:5:      minmay_temple_entry_steel_oval, trog_wizard
D:6:      lemuel_crystal_altar
D:7:      nicolae_overflow_crystal_walls, marbit_many_paths, serial_shops,
          nicolae_shop_waterfront, basic_altar, grunt_livestock
D:8:      grunt_lair_entry_orc_guard_hut, serial_shops, kennysheep_mini,
          minmay_misc_feat_nine_boxes, nrook_pool_corridor
D:9:      makhleb_grotto_becter, old_standard_altar, minmay_statues_item
D:10:     kennysheep_orc_monster_closet_entryway
D:11:     nicolae_island_escapes
Temple:   eino_narrow_crystal_temple
Lair:1:   serial_bayou_ford_a, grunt_megastairs_1
Lair:2:   dpeg_oklob_gauntlet, dummy_spider_entry, basic_altar,
          lightli_volcano_entry_magma_tube, nicolae_quartered_pool_super,
          lemuel_fruit_fields
Lair:3:   st_stairs_5, patterned_corridor
Lair:4:   minmay_shoals_entry_beasts, dpeg_oklob_1, grunt_megastairs_2,
          infiniplex_staircase_pool
Lair:5:   lemuel_fruit_tree
Lair:6:   guppyfry_lair_end_dragon, hangedman_lair_caniforms_friends,
          slime_altar_1, wad_woods_river_01

Skill      XL: |  1  2  3  4  5  6  7  8  9 10 11 12 13 14 |
---------------+-------------------------------------------+-----
Stealth        | 5 6 7 10 14 16 20 22 25 | 25.4
Dodging        | 4 7 8 10 11 14 16 | 16.0
Short Blades   | 4 7 9 |  9.9
Spellcasting   | 8 10 | 10.0
Hexes          | 7 10 | 10.2

Action                   |  1- 3 |  4- 6 |  7- 9 | 10-12 | 13-15 || total
-------------------------+-------+-------+-------+-------+-------++-------
Melee: Dagger            |   166 |   258 |   421 |   566 |   157 ||  1568
       Rapier            |       |       |       |       |   460 ||   460
 Cast: Corona            |     2 |       |       |       |       ||     2
       Ensorcelled Hiber |    20 |    33 |    73 |   140 |   234 ||   500
       Confuse           |       |     5 |    18 |    39 |    70 ||   132
       Blink             |       |       |       |     3 |     6 ||     9
Evoke: Wand              |       |       |       |       |     5 ||     5
  Use: Scroll            |       |     4 |    10 |     8 |     4 ||    26
       Potion            |       |       |     1 |     4 |     4 ||     9
 Stab: Sleeping          |    18 |    26 |    48 |    98 |    83 ||   273
       Confused          |       |     2 |     6 |    17 |    12 ||    37
       Distracted        |       |     1 |     1 |     1 |     4 ||     7
  Eat: Royal jelly       |       |     3 |     2 |       |       ||     5
       Bread ration      |       |       |     1 |       |       ||     1
       Fruit             |       |       |     4 |    10 |    10 ||    24
Armor: Robe              |    15 |    19 |    18 |    16 |    49 ||   117
Dodge: Dodged            |   125 |   195 |   198 |   416 |   648 ||  1582
